 Dungeon Crawl Stone Soup version 0.22-a0-135-g6f012ad (webtiles) character file.

277 KristoblXynda the Magician (level 6, -1/50 HPs)
             Began as a Minotaur Wizard on Feb 1, 2018.
             Was an Initiate of Ashenzari.
             Slain by an orc (2 damage)
             ... on level 4 of the Dungeon.
             The game lasted 00:07:40 (5015 turns).

KristoblXynda the Magician (Minotaur Wizard)        Turns: 5015, Time: 00:07:41

Health: -1/50      AC:  3    Str: 12    XL:     6   Next: 4%
Magic:  8/10       EV: 12    Int: 28    God:    Ashenzari [......]
Gold:   212        SH:  0    Dex:  8    Spells: 7/11 levels left

rFire    . . .     SeeInvis .   s - +2 hand axe (chop)
rCold    . . .     Gourm    .   (no shield)
rNeg     . . .     Faith    .   a - +0 robe
rPois    .         Spirit   .   b - +0 hat
rElec    .         Reflect  .   (no cloak)
rCorr    .         Harm     .   o - +0 pair of gloves
MR       .....                  (no boots)
Stlth    +.........             (no amulet)
HPRegen  0.16/turn              n - +2 ring of intelligence
MPRegen  0.12/turn              i - +4 ring of intelligence

@: brilliant, about to teleport
A: retaliatory headbutt, horns 2
a: Curse Item, Renounce Religion


You were on level 4 of the Dungeon.
You worshipped Ashenzari.
Ashenzari was noncommittal.
You were not hungry.

You visited 1 branch of the dungeon, and saw 4 of its levels.

You collected 212 gold pieces.

Inventory:

Hand Weapons
 s - a +2 hand axe of chopping (weapon)
Armour
 a - a +0 robe (worn)
 b - a +0 hat (worn)
 l - a +0 buckler
 o - a +0 pair of gloves (worn)
Jewellery
 f - an uncursed ring of see invisible
 i - a +4 ring of intelligence (right hand)
 n - a +2 ring of intelligence (left hand)
Wands
 g - a wand of flame (21)
 u - a wand of iceblast (11)
Scrolls
 h - a scroll of identify
 j - a scroll of teleportation
 k - a scroll of enchant weapon {unknown}
 m - a scroll of amnesia {unknown}
Potions
 e - 2 potions of might
 q - a potion of flight
 r - a potion of magic
Books
 c - a book of Minor Magic

   Spells                             Type                      Level
   a - Magic Dart                     Conjuration                  1
   b - Blink                          Translocation                2
   c - Call Imp                       Summoning                    2
   d - Slow                           Hexes                        2
   e - Conjure Flame                  Conjuration/Fire             3
   f - Mephitic Cloud                 Conjuration/Poison/Air       3
Comestibles
 d - 11 rations
 t - a chunk of flesh


   Skills:
 + Level 2.7 Fighting
 - Level 2.1 Dodging
 - Level 1.5 Stealth
 * Level 3.4 Spellcasting
 * Level 2.9 Conjurations
   Level 0.6 Summonings
   Level 0.6 Translocations


You had 7 spell levels left.
You knew the following spells:

 Your Spells              Type           Power        Failure   Level  Hunger
a - Magic Dart            Conj           ####         1%          1    None
b - Mephitic Cloud        Conj/Pois/Air  ####....     1%          3    ##.....


Dungeon Overview and Level Annotations

Branches:
Dungeon (4/15)
 Temple: D:4-7

Altars:
Ashenzari


Innate Abilities, Weirdness & Mutations

You reflexively headbutt those who attack you in melee.
You have a pair of horns on your head.


Message History

The orc hits you.
* * * LOW HITPOINT WARNING * * *
You hear a shout! x2; You hear an angry hiss.
You see here 28 arrows.
The orc hits you.
* * * LOW HITPOINT WARNING * * *
Things that are here:
a cursed enchanted ring mail; an uncursed dagger; an orc corpse
Okay, then.
Okay, then.
As you read the scroll of teleportation, it crumbles to dust.
You feel strangely unstable. The adder bites you but does no damage.
The orc hits you.
* * * LOW HITPOINT WARNING * * *
It was a potion of brilliance.
You feel clever all of a sudden. The adder bites you.
* * * LOW HITPOINT WARNING * * *
The adder closely misses you. The orc hits you.
You die...

....".......+
#....#.....# #
#....#.....###...
+......(.........
#!...#.....###?#
#............#
####.....###.#
#.)...#<#.#
#@S...#.#.#
######Soo..#.#.#
#...[hO)...#.#.#
#....)####.#...#
'[........l#.#####
###............
#..........##
............#
.#...###..)....


You could see an ogre, a howler monkey, 2 adders and 2 orcs.

Vanquished Creatures
  An ogre (D:3)
  An orc wizard (D:3)
  2 orc priests
  An adder (D:3)
  4 worms (D:3)
  A leopard gecko (D:3)
  13 orcs
  A ball python (D:2)
  3 giant cockroaches
  8 goblins
  6 hobgoblins
  6 jackals
  2 quokkas
  8 bats
  3 frilled lizards
  3 kobolds
  3 rats
66 creatures vanquished.

Notes
Turn   | Place    | Note
-------+----------+-------------------------------------------
     0 | D:1      | KristoblXynda the Minotaur Wizard began the quest for the Orb.
     0 | D:1      | Reached XP level 1. HP: 14/14 MP: 2/2
   422 | D:1      | Reached skill level 1 in Conjurations
   476 | D:1      | Reached XP level 2. HP: 20/20 MP: 4/4
  1716 | D:2      | Found a shattered altar of Ashenzari.
  1723 | D:2      | Became a worshipper of Ashenzari the Shackled
  2316 | D:2      | Reached XP level 3. HP: 26/27 MP: 2/5
  2321 | D:2      | Learned a level 3 spell: Mephitic Cloud
  3001 | D:3      | Found a shattered altar of Ashenzari.
  3054 | D:3      | Noticed an ogre
  3256 | D:3      | Reached skill level 1 in Fighting
  3576 | D:3      | Reached XP level 4. HP: 25/35 MP: 4/7
  3791 | D:3      | Reached skill level 3 in Spellcasting
  4006 | D:3      | Reached XP level 5. HP: 41/41 MP: 6/8
  4907 | D:3      | Killed an ogre
  5003 | D:4      | Reached XP level 6. HP: 25/50 MP: 6/10
  5015 | D:4      | HP: 1/50 [adder (3)]
  5015 | D:4      | Slain by an orc

Vault maps used:
D:1:      dpeg_arrival_simpleton_a, minmay_crystal_water, interstate_on_off,
          minmay_misc_feat_tiny
D:2:      old_standard_altar, first_ration
D:3:      hangedman_decor_push, evilmike_ruin_ashenzari
D:4:      old_standard_altar, lightli_ossuary_entry_decrepit_ruins,
          serial_shops, kennysheep_mini_moat

Skill      XL: |  1  2  3  4 |
---------------+-------------+-----
Conjurations   | 1 2 |  2.9
Fighting       | 1 2 |  2.7
Spellcasting   | 3 |  3.4
Dodging        | |  2.1
Stealth        | |  1.5
Summonings     | |  0.6
Translocations | |  0.6

Action                   |  1- 3 |  4- 6 || total
-------------------------+-------+-------++-------
Melee: Unarmed           |    18 |       ||    18
       Headbutt          |    11 |     4 ||    15
       Dagger            |    37 |       ||    37
       Mace              |    36 |       ||    36
       Hand axe          |     2 |    49 ||    51
 Cast: Magic Dart        |    66 |    30 ||    96
       Mephitic Cloud    |       |     2 ||     2
  Use: Scroll            |     3 |     3 ||     6
       Potion            |     1 |     1 ||     2
 Stab: Sleeping          |       |     1 ||     1
  Eat: Chunk             |     5 |     5 ||    10
       Ration            |     1 |       ||     1
Armor: Robe              |    26 |    18 ||    44
Dodge: Dodged            |    83 |    40 ||   123

Table legend:
 A = Spawn XP
 B = Non-spawn XP
 C = Spawn XP percentage of total XP
 D = Spawn monster count
 E = Non-spawn monster count
 F = Spawn count percentage of total count
 G = Total turns spent on level
                    A         B        C        D         E        F      G
               +---------+---------+-------+---------+---------+-------+---------
         Total |       0 |     397 |   0.0 |       0 |      66 |   0.0 |  5015
               +---------+---------+-------+---------+---------+-------+---------
           D:1 |       0 |      26 |   0.0 |       0 |      14 |   0.0 |  1834
           D:2 |       0 |      27 |   0.0 |       0 |      13 |   0.0 |  1054
           D:3 |       0 |     290 |   0.0 |       0 |      34 |   0.0 |  2091
           D:4 |       0 |      54 |   0.0 |       0 |       5 |   0.0 |    36
               +---------+---------+-------+---------+---------+-------+---------
